 Dungeon Crawl Stone Soup version 0.19.3-1-g3169bf9 (webtiles) character file.

46196 Gargoyl the Schismatic (level 14, -7/118 HPs)
             Began as a Ghoul Abyssal Knight on Jan 23, 2017.
             Was an Elder of Lugonu.
             Killed by divine providence
             ... invoked by a sphinx
             ... summoned by Kirke
              (10 damage)
             ... on level 6 of the Lair of Beasts on Jan 24, 2017.
             The game lasted 01:01:28 (21679 turns).

Gargoyl the Schismatic (Ghoul Abyssal Knight)      Turns: 21679, Time: 01:01:29

Health: -7/118     AC: 21    Str: 24 (26) XL:     14   Next: 36%
Magic:  22/22      EV:  8    Int:  5 (7)  God:    Lugonu [****..]
Gold:   895        SH: 14    Dex: 11 (12) Spells: 0 memorised, 13 levels left

rFire  . . .     SeeInvis .     s - +1 broad axe
rCold  + + .     Gourm    .     T - +4 chain mail of Inaction {+Fly rPois rC+}
rNeg   + + +     Faith    .     u - +3 shield
rPois  ∞         Spirit   .     c - +2 helmet
rElec  .         Reflect  .     J - +0 cloak
rCorr  .         Harm     .     (no gloves)
MR     +....                    (no boots)
Stlth  ..........               (no amulet)
                                r - +5 ring of strength
                                I - +4 ring of strength

@: rotting, slowed, very slow
A: rotting body, claws 1, carnivore 3, cold resistance 1, negative energy
resistance 3, slow regeneration 1, torment resistance, unbreathing
a: Depart the Abyss, Bend Space, Banish, Corrupt, Renounce Religion, Evoke
Flight


You were on level 6 of the Lair of Beasts.
You worshipped Lugonu.
Lugonu was greatly pleased with you.
You were not hungry.

You visited 2 branches of the dungeon, and saw 17 of its levels.
You visited the Abyss 1 time.
You also visited: Bailey and Volcano.

You collected 1177 gold pieces.
You spent 282 gold pieces at shops.

Inventory:

Hand Weapons
 q - a +2 trident of piercing
 s - a +1 broad axe (weapon)
 A - a +3 war axe
Missiles
 k - 62 tomahawks of returning (quivered)
Armour
 c - a +2 helmet (worn)
 u - a +3 shield (worn)
 J - a +0 cloak (worn)
 T - the +4 chain mail of Inaction (worn) {+Fly rPois rC+}
   (You found it on level 2 of the Lair of Beasts)

   It protects you from cold.
   It protects you from poison.
   It lets you fly.
Jewellery
 b - an uncursed ring of fire
 o - an uncursed ring of magical power
 r - a +5 ring of strength (right claw)
 w - an uncursed ring of ice
 I - a +4 ring of strength (left claw)
 P - an uncursed ring of ice
Wands
 a - a wand of iceblast (11/15)
 d - a wand of paralysis (8/24)
 h - a wand of iceblast (3/15)
 j - a wand of digging (14/24)
 t - a wand of digging (9/24)
 D - a wand of flame (19/48)
 E - a wand of heal wounds (4/9)
 N - a wand of flame (28/48)
 O - a wand of lightning (10/15)
 Q - a wand of lightning (2/15)
 U - a wand of lightning (10/15)
Scrolls
 m - 5 scrolls of identify
 n - 8 scrolls of remove curse
 y - 7 scrolls of teleportation
 F - a scroll of recharging
 H - a scroll of amnesia
 S - 2 scrolls of fog
Potions
 e - a potion of ambrosia
 i - 2 potions of curing
 l - a potion of invisibility
 p - 2 potions of agility
 v - 6 potions of magic
 z - a potion of brilliance
 C - a potion of might
 L - 2 potions of haste
 M - 2 potions of flight
Comestibles
 f - 7 royal jellies
 g - 4 beef jerkies
 x - 4 slices of pizza
 B - 6 chunks of flesh
 G - 5 meat rations


   Skills:
 + Level 9.3 Fighting
 + Level 11.7(11.8) Axes
 + Level 0.3(7.5) Polearms
 + Level 2.5 Throwing
 * Level 12.0 Armour
 + Level 2.7 Dodging
 + Level 1.0 Stealth
 + Level 7.8 Shields
 * Level 12.3 Invocations


You had 13 spell levels left.
You didn't know any spells.

Dungeon Overview and Level Annotations

Branches:
Dungeon (11/15)            Temple (0/1) D:7            Lair (6/6) D:10
  Swamp (0/4) Lair:2        Snake (0/4) Lair:3        Slime (0/5) Lair:6
    Orc (0/2) D:10

Altars:
Ashenzari
Fedhas
Gozag
Nemelex Xobeh
Sif Muna
Trog
Jiyva

Shops:
D:6 ??

Annotations:
Lair:6 Kirke


Innate Abilities, Weirdness & Mutations

Your body is rotting away.
You thrive on raw meat.
You are immune to poison.
You have sharp fingernails.
You are carnivorous and can eat meat at any time.
Your flesh is cold resistant. (rC+)
You are immune to negative energy. (rN+++)
You regenerate slowly when monsters are visible.
You are immune to unholy pain and torment.
You can survive without breathing.


Message History

You block the sphinx's attack. The sphinx hits you but does no damage.
Kirke hits you with a rod of clouds!
* * * LOW HITPOINT WARNING * * *
The harpy claws you but does no damage. The harpy barely misses you.
Kirke hits you but does no damage. The sphinx hits you.
* * * LOW HITPOINT WARNING * * *
The sphinx hits you but does no damage. The sphinx hits you!
* * * LOW HITPOINT WARNING * * *
The harpy claws you.
* * * LOW HITPOINT WARNING * * *
The harpy claws you but does no damage.
You feel better. You block the harpy's attack. The harpy closely misses you.
You block the harpy's attack. The harpy claws you.
* * * LOW HITPOINT WARNING * * *
The harpy claws you.
* * * LOW HITPOINT WARNING * * *
The harpy claws you but does no damage. You block Kirke's attack.
The sphinx casts a spell.
Something smites you!
You die...

##..##P........P........#.....
#..#P.........PP.#....###[...
##..##.P.......P.##.....##....
#..######.##.#.P.#....###.....
#...##.##..#....#.#P.###.#....
##.............†P.P....P.P....
#................P............
#............†................
#...........H@................
##..........@.H.............P#
##..........H...............##
#...........................##
#.............................
#.............................
##..........................##
##...........................#
#[..........................##


You could see Kirke, a sphinx and 2 harpies.

Vanquished Creatures
  Snorg (Lair:5)
  Fannar (Lair:1)
  Erica (Lair:2)
  Harold (Lair:2)
  The ghost of chimenez the Cleaver, a novice FoFi of Okawaru (D:10)
  Nergalle (Lair:2)
  The ghost of tschems the Cleaver, a novice HuFi (D:6)
  3 hill giants (D:11)
  A manticore (D:11)
  12 elephants
  An orc sorcerer (Volcano)
  6 black mambas
  A torpor snail (Lair:6)
  A molten gargoyle (Volcano)
  2 gargoyles
  6 spiny frogs
  3 centaur skeletons
  9 komodo dragons
  5 rime drakes
  A red devil (Volcano)
  2 polar bears
  2 trolls (D:11)
  A hornet (D:9)
  A two-headed ogre (D:10)
  8 blink frogs (Lair:3)
  11 hippogriffs
  4 hogs (Lair:6)
  3 wyverns
  26 yaks
  2 basilisks
  2 fire bats (Volcano)
  Grum (D:10)
  A hungry ghost (D:11)
  Menkaure (D:4)
  4 nagas (Lair:3)
  9 water moccasins
  17 porcupines
  Duvessa (D:6)
  A hell hound (Volcano)
  4 orc warriors
  A black bear (D:10)
  An eye of draining (D:10)
  3 phantoms
  A sky beast (D:11)
  A necrophage (D:7)
  4 ice beasts
  4 ogres
  4 wolves (D:10)
  A centaur (D:8)
  16 crocodiles
  A big kobold (D:10)
  22 bullfrogs
  2 gnoll sergeants (D:8)
  Dowan (D:6)
  A wyvern skeleton (D:6)
  A water moccasin zombie (D:10)
  2 scorpions
  18 killer bees
  8 wights
  4 howler monkeys
  3 crimson imps
  7 lava snakes (Volcano)
  2 bullfrog zombies
  A centaur zombie (D:11)
  A quasit (D:10)
  4 orc priests
  3 bullfrog skeletons
  3 jellies
  3 hounds
  An iguana (D:11)
  7 orc wizards
  6 worker ants
  A killer bee zombie (D:10)
  Robin (D:2)
  2 howler monkey skeletons
  18 gnolls
  8 adders
  4 river rats (D:10)
  A shadow imp (D:9)
  2 oozes (D:2)
  2 adder skeletons
  3 worms
  10 leopard geckos
  37 orcs
  7 bats
  5 giant cockroaches
  18 goblins
  21 hobgoblins
  12 jackals
  20 kobolds
  7 quokkas
  2 ball pythons
  A frilled lizard (D:1)
  A jackal skeleton (D:7)
  A leopard gecko skeleton (D:4)
  A quokka skeleton (D:4)
  5 rats
  3 fungi
  3 plants
492 creatures vanquished.

Vanquished Creatures (others)
  2 hydras
  The ghost of Lahna the Fighter, a novice MiBe of Trog (Lair:2)
  The ghost of Lahna the Cleaver, a novice MiBe of Trog (D:8)
  An unseen horror (D:10)
  A lindwurm (Lair:5)
  A hill giant (D:10)
  An orc knight (Bailey)
  An ugly thing (Volcano)
  A smoke demon (Volcano)
  A queen bee (D:8)
  A red devil (Volcano)
  A hornet (D:7)
  A hippogriff (D:10)
  A basilisk (Lair:6)
  2 nagas (Lair:3)
  A porcupine (D:10)
  7 killer bees
  A quasit (D:9)
  2 gnolls (Bailey)
  2 fungi
  27 plants
57 creatures vanquished.

Grand Total: 549 creatures vanquished

Notes
Turn   | Place    | Note
-------+----------+-------------------------------------------
     0 | Abyss:1  | Gargoyl the Ghoul Abyssal Knight began the quest for the Orb.
     0 | Abyss:1  | Reached XP level 1. HP: 19/19 MP: 1/1
    59 | Abyss:2  | Found a corrupted altar of Lugonu.
   130 | Abyss:2  | Noticed a worldbinder
   133 | Abyss:2  | Noticed a large abomination
   139 | Abyss:2  | Noticed an orc priest
   139 | Abyss:2  | Noticed an orc priest
   139 | Abyss:2  | Noticed a troll
   141 | Abyss:2  | Noticed a large abomination
   142 | D:1      | Escaped the Abyss
   307 | D:1      | Reached * piety under Lugonu
   307 | D:1      | Reached skill level 1 in Dodging
   313 | D:1      | Reached XP level 2. HP: 22/26 MP: 2/2
   604 | D:1      | Reached XP level 3. HP: 31/33 MP: 3/3
  1273 | D:2      | Reached XP level 4. HP: 34/40 MP: 4/4
  1387 | D:2      | Noticed Robin
  1395 | D:2      | Reached ** piety under Lugonu
  1411 | D:2      | Killed Robin
  1548 | D:2      | Reached XP level 5. HP: 40/46 MP: 2/5
  2028 | D:3      | Found a faded altar of an unknown god.
  2080 | D:3      | Found an opulent altar of Gozag.
  2235 | D:3      | Noticed a phantom
  2268 | D:3      | Killed a phantom
  2268 | D:3      | Reached XP level 6. HP: 34/53 MP: 7/7
  2369 | D:3      | Reached *** piety under Lugonu
  2654 | D:4      | Noticed a phantom
  2683 | D:4      | Killed a phantom
  2895 | D:3      | Reached XP level 7. HP: 39/60 MP: 6/8
  2976 | D:3      | Reached skill level 5 in Fighting
  2976 | D:3      | Reached skill level 1 in Throwing
  3201 | D:4      | Noticed Menkaure
  3228 | D:4      | Killed Menkaure
  3547 | D:5      | Entered Level 5 of the Dungeon
  3598 | D:5      | Reached skill level 5 in Armour
  3598 | D:5      | Reached XP level 8. HP: 47/68 MP: 9/9
  3656 | D:5      | Reached skill level 5 in Axes
  3966 | D:5      | Found a shattered altar of Ashenzari.
  4329 | D:6      | Found a blossoming altar of Fedhas.
  4344 | D:6      | You fall through a shaft for 2 floors!
  4665 | D:8      | Reached skill level 1 in Shields
  4666 | D:8      | Paralysed by an orc for 3 turns
  4679 | D:8      | Noticed Lahna's ghost (novice MiBe)
  4703 | D:8      | Noticed a hippogriff
  4805 | D:8      | Killed a hippogriff
  4894 | D:8      | Reached XP level 9. HP: 47/74 MP: 11/11
  4923 | D:8      | Reached skill level 5 in Invocations
  5365 | D:8      | Banished Lahna's ghost
  5597 | D:8      | Noticed a queen bee
  6059 | D:8      | Banished a queen bee
  6152 | D:8      | Reached XP level 10. HP: 81/83 MP: 13/13
  6379 | D:7      | Found a flagged portal.
  6388 | Bailey   | Entered a bailey
  6713 | Bailey   | Noticed an orc knight
  6802 | Bailey   | Banished an orc knight
  7108 | D:6      | Found a sparkling altar of Nemelex Xobeh.
  7200 | D:6      | Found Nigeli's Magic Scroll Boutique.
  7204 | D:6      | Bought a scroll of teleportation for 42 gold pieces
  7204 | D:6      | Bought a scroll of enchant weapon for 105 gold pieces
  7210 | D:6      | Noticed tschems's ghost (novice HuFi)
  7225 | D:6      | Killed tschems's ghost
  7272 | D:6      | Found Vesan's Magic Scroll Shoppe.
  7294 | D:6      | Bought a scroll of teleportation for 30 gold pieces
  7294 | D:6      | Bought a scroll of enchant armour for 75 gold pieces
  7294 | D:6      | Bought a scroll of teleportation for 30 gold pieces
  7414 | D:6      | Noticed Dowan
  7416 | D:6      | Noticed Duvessa
  7431 | D:6      | Killed Duvessa
  7439 | D:6      | Killed Dowan
  7934 | D:7      | Found a staircase to the Ecumenical Temple.
  9289 | D:9      | Found a deep blue altar of Sif Muna.
  9409 | D:10     | Entered Level 10 of the Dungeon
  9446 | D:10     | Reached XP level 11. HP: 90/91 MP: 13/16
  9511 | D:10     | Noticed chimenez's ghost (novice FoFi)
  9560 | D:10     | Killed chimenez's ghost
  9811 | D:10     | Noticed a hill giant
  9813 | D:10     | Banished a hill giant
  9922 | D:10     | Found a staircase to the Lair.
 10208 | D:10     | Reached skill level 5 in Shields
 10361 | D:10     | Found a staircase to the Orcish Mines.
 10383 | D:10     | Noticed Grum
 10424 | D:10     | Killed Grum
 10686 | D:10     | Banished an unseen horror
 10832 | Lair:1   | Entered Level 1 of the Lair of Beasts
 11276 | Lair:1   | Noticed Fannar
 11306 | Lair:1   | Killed Fannar
 11306 | Lair:1   | Reached skill level 10 in Armour
 11465 | Lair:1   | Reached XP level 12. HP: 63/100 MP: 18/18
 12094 | Lair:2   | Noticed Lahna's ghost (novice MiBe)
 12109 | Lair:1   | Reached skill level 10 in Invocations
 12551 | Lair:2   | Banished Lahna's ghost
 12826 | Lair:2   | Noticed Nergalle
 12841 | Lair:2   | Killed Nergalle
 12897 | Lair:2   | Got a heavily runed chain mail
 12898 | Lair:2   | Identified the +4 chain mail of Inaction {+Fly rPois rC+} (You found it on level 2 of the Lair of Beasts)
 12951 | Lair:2   | Noticed Harold
 13006 | Lair:2   | Killed Harold
 13098 | Lair:2   | Noticed Erica
 13118 | Lair:2   | Killed Erica
 13129 | Lair:2   | Reached **** piety under Lugonu
 13166 | Lair:2   | Found a staircase to the Swamp.
 13525 | Lair:3   | Noticed a seven-headed hydra
 13531 | Lair:3   | Banished a seven-headed hydra
 13692 | Lair:3   | Noticed a four-headed hydra
 13696 | Lair:3   | Banished a four-headed hydra
 13696 | Lair:3   | Reached skill level 10 in Axes
 13705 | Lair:3   | Found a staircase to the Snake Pit.
 13845 | Lair:3   | HP: 3/101 [blink frog (9)]
 14730 | Lair:4   | Noticed an eight-headed hydra
 14736 | Lair:4   | Banished an eight-headed hydra
 14736 | Lair:4   | Reached XP level 13. HP: 107/107 MP: 20/20
 15710 | Lair:5   | Found a dark tunnel.
 15719 | Volcano  | Entered a volcano
 16266 | Volcano  | Found a radiant altar of Vehumet.
 17511 | Lair:4   | HP: 3/108 [elephant (13)]
 18081 | D:11     | HP: 4/108 [hill giant/giant club (26)]
 18627 | D:11     | Reached skill level 1 in Stealth
 19014 | D:11     | HP: 4/108 [crocodile (13)]
 19263 | D:11     | Found a bloodstained altar of Trog.
 20201 | Lair:6   | Entered Level 6 of the Lair of Beasts
 20490 | Lair:6   | Reached XP level 14. HP: 41/117 MP: 22/22
 20529 | Lair:6   | Noticed Snorg
 20571 | Lair:5   | Killed Snorg
 21308 | Lair:6   | Found a viscous altar of Jiyva.
 21309 | Lair:6   | Found a staircase to the Slime Pits.
 21661 | Lair:6   | Noticed Kirke
 21665 | Lair:6   | Noticed a sphinx
 21678 | Lair:6   | HP: 4/118 [sphinx[Kirke] (8)]
 21679 | Lair:6   | Killed from afar by a sphinx

Skill      XL: |  1  2  3  4  5  6  7  8  9 10 11 12 13 14 |
---------------+-------------------------------------------+-----
Dodging        | 1 2 |  2.7
Armour         | 2 3 4 5 6 8 9 10 11 12 | 12.0
Fighting       | 4 5 6 7 8 9 |  9.3
Axes           | 2 3 4 5 6 7 8 10 11 | 11.7
Invocations    | 3 4 6 8 9 11 12 | 12.3
Throwing       | 1 2 |  2.5
Shields        | 1 3 4 5 6 7 |  7.8
Stealth        | 1 |  1.0
Polearms       | |  0.3

Action                   |  1- 3 |  4- 6 |  7- 9 | 10-12 | 13-15 || total
-------------------------+-------+-------+-------+-------+-------++-------
Melee: Hand axe          |   141 |   226 |   364 |       |       ||   731
       War axe           |       |       |   277 |   902 |       ||  1179
       Broad axe         |       |       |       |   111 |   772 ||   883
       Trident           |       |       |       |       |    15 ||    15
Throw: Tomahawk          |       |     9 |    13 |    57 |    26 ||   105
Invok: Depart the Abyss  |     1 |       |       |       |       ||     1
       Banish            |       |       |     7 |    23 |    12 ||    42
       Bend Space        |       |       |     1 |       |     2 ||     3
Evoke: Wand              |       |       |       |       |     1 ||     1
  Use: Scroll            |     6 |     8 |     6 |    16 |     6 ||    42
       Potion            |       |       |    10 |     7 |    14 ||    31
 Stab: Invisible         |       |       |     1 |       |       ||     1
  Eat: Chunk             |     4 |    20 |    71 |   143 |   132 ||   370
       Meat ration       |       |     1 |       |       |       ||     1
       Royal jelly       |       |       |       |       |     1 ||     1
Armor: Plate armour      |   166 |   214 |   565 |   566 |       ||  1511
       Chain mail        |       |       |       |   146 |   574 ||   720
Dodge: Dodged            |    46 |    60 |   159 |   300 |   296 ||   861
Block: Shield            |       |       |   322 |   774 |   773 ||  1869
